AoeStats
← die trying

Arabia

503411357Analyzed
1v1 RM · 1mo ago on Aug 31, 2026· 14m 10s· 2 players
Game mode
Random Map
Map size
Tiny (2 player)
Population
200
Speed
Normal
Resources
Standard
Victory
Conquest
Starting age
Dark Age
Ending age
Imperial Age
RankedLock teamsTeams togetherTeam positionsShared explorationLock speedFull tech treeHidden civsTurbo modeCheats
Victory
Defeat
🇨🇱 Mongols · Chile
1820
+13
🇮🇹 Burgundians · Italy
1749
-13
GdR_Scugo
3:33 Double-Bit Axe
6:31 Loom
9:41 Feudal Age
die trying
8:10 Feudal Age
8:15 Man-at-Arms
10:01 Loom
12:36 Fletching
13:05 Double-Bit Axe
Connection lost

Rejoining the realm…

Still unreachable

The connection could not be restored.

Session expired

The server has moved on; the page needs a fresh start.